 Dungeon Crawl Stone Soup version 0.29.1-12-g30fa7ad0bf (webtiles) character file.

Game seed: 1467720159109489937

245 EarthwalkerPL the Trooper (level 5, -1/48 HPs)
             Began as a Minotaur Fighter on Jan 5, 2023.
             Slain by an orc priest
             ... wielding a +0 hand axe
              (6 damage)
             ... on level 3 of the Dungeon.
             The game lasted 00:04:55 (3037 turns).

EarthwalkerPL the Trooper (Minotaur Fighter)        Turns: 3037, Time: 00:04:56

Health: -1/48      AC:  7    Str: 23    XL:     5   Next: 84%
Magic:  13/13      EV:  9    Int:  5    God:
Gold:   113        SH:  4    Dex:  9    Spells: 4/4 levels left

rFire   . . .      SeeInvis .   a - +0 war axe
rCold   . . .      Faith    .   c - +0 buckler
rNeg    . . .      Spirit   .   b - +0 scale mail
rPois   .          Reflect  .   (helmet restricted)
rElec   .          Harm     .   (no cloak)
rCorr   .          Rampage  .   (no gloves)
Will    .....                   (no boots)
Stlth   ..........              (no amulet)
HPRegen 0.16/turn               h - ring of magical power
MPRegen 0.13/turn               (no ring)

@: no status effects
A: horns 2, retaliatory headbutt
a: no special abilities


You were on level 3 of the Dungeon.
You visited 1 branch of the dungeon, and saw 4 of its levels.

You collected 113 gold pieces.

Inventory:

Hand Weapons
 a - a +0 war axe (weapon)
Missiles
 i - 8 boomerangs (quivered)
 m - 4 poisoned darts
Armour
 b - a +0 scale mail (worn)
 c - a +0 buckler (worn)
Jewellery
 h - a ring of magical power (left hand)
Scrolls
 e - a scroll of immolation {unknown}
 l - 3 scrolls of vulnerability {unknown}
 o - a scroll of identify {unknown}
 q - a scroll of butterflies {unknown}
 r - a scroll of poison {unknown}
 s - a scroll of teleportation {unknown}
Potions
 d - a potion of might
 f - 3 potions of degeneration {unknown}
 g - 3 potions of attraction {unknown}
 j - a potion of resistance
 k - 2 potions of ambrosia {unknown}
 n - a potion of heal wounds {unknown}
 p - a potion of invisibility {unknown}


   Skills:
 * Level 5.3 Fighting
 * Level 4.5 Axes
 * Level 5.1 Armour
 + Level 4.3 Shields


You had 4 spell levels left.
You didn't know any spells.
Your spell library contained the following spells:

 Spells                   Type           Power      Damage    Failure   Level
 Ensorcelled Hibernation  Hex/Ice        0%         N/A       94%         2
 Spider Form              Tmut/Pois      0%         N/A       99%         3
 Anguish                  Hex/Necr       0%         N/A       100%        4
 Animate Armour           Summ/Erth      0%         N/A       100%        4
 Blade Hands              Tmut           0%         N/A       100%        5
 Iron Shot                Conj/Erth      0%         9d1       100%        6


Dungeon Overview and Level Annotations

Branches:
Dungeon (4/15)
 Temple: D:4-7

Altars:
Elyvilon

Shops:
D:3 (


Innate Abilities, Weirdness & Mutations

You have a pair of horns on your head.
You reflexively headbutt those who attack you in melee.


Message History

You barely miss the gnoll. Your headbutt misses the gnoll.
The gnoll hits you with a +1 flail of protection.
You barely miss the gnoll.
An orc wizard comes into view. It is wielding a +0 dagger.
The gnoll hits you with a +1 flail of protection.
The orc wizard shouts!
You hear an angry hiss.
The orc priest hits you with a +0 hand axe.
The gnoll barely misses you. You furiously retaliate!
You headbutt the gnoll!
You climb upwards.
There is a stone staircase leading down, spattered with blood here.
You barely miss the gnoll. You headbutt the gnoll.
You kill the gnoll!
You barely miss the orc priest.
The orc priest looks braver for a moment.
The orc priest invokes the aid of Beogh against you.
Beogh smites you!
You are too injured to fight recklessly!
You are too injured to fight recklessly!
You closely miss the orc priest.
The orc priest mumbles some strange prayers to Beogh against you.
Beogh smites you!
* * * LOW HITPOINT WARNING * * *
You hit the orc priest but do no damage.
You block the orc priest's attack.
You barely miss the orc priest. You headbutt the orc priest.
The orc priest is moderately wounded.
The orc priest looks encouraged for a moment.
The orc priest hits you with a +0 hand axe.
* * * LOW HITPOINT WARNING * * *
You completely miss the orc priest. Your headbutt misses the orc priest.
The orc priest is moderately wounded.
You block the orc priest's attack.
You hit the orc priest.
The orc priest is moderately wounded.
The orc priest hits you with a +0 hand axe.
* * * LOW HITPOINT WARNING * * *
You hit the orc priest. You headbutt the orc priest.
The orc priest is heavily wounded.
The orc priest hits you with a +0 hand axe.
You die...

##.###..###.#.# ##...# #....
####.###......#.# #####.######...
.........###..#.# #...)..........
..........##....###..............
...........##.#..................
...........##.#.###########......
...........##.#.#### #######
...........#....o).#
...........#...†@..#
..........##....)..#
.........###.......# ##########
#.......# #.......# #########


You could see an orc priest.

Vanquished Creatures
  2 hounds
  An orc wizard (D:3)
  3 gnolls
  3 adders
  A worm (D:2)
  4 dart slugs
  9 orcs
  8 ball pythons
  8 endoplasms
  A giant cockroach (D:1)
  4 goblins
  11 hobgoblins
  3 jackals
  4 quokkas
  6 bats
  3 frilled lizards
  7 kobolds
  2 rats
80 creatures vanquished.

Vanquished Creatures (others)
  5 fungi (D:2)
  6 plants (D:2)
11 creatures vanquished.

Grand Total: 91 creatures vanquished

Notes
Turn   | Place    | Note
-------+----------+-------------------------------------------
     0 | D:1      | EarthwalkerPL the Minotaur Fighter began the quest for the
                  | Orb.
     0 | D:1      | Reached XP level 1. HP: 19/19 MP: 0/0
   103 | D:1      | Reached XP level 2. HP: 23/27 MP: 1/1
   691 | D:1      | Reached XP level 3. HP: 33/33 MP: 2/2
  1234 | D:2      | Found a faded altar of an unknown god.
  1479 | D:2      | Reached XP level 4. HP: 37/41 MP: 3/3
  2481 | D:3      | Reached XP level 5. HP: 35/47 MP: 4/4
  2568 | D:3      | Found a white marble altar of Elyvilon.
  2678 | D:3      | Found Jotutak's Weapon Shoppe.
  2753 | D:3      | Reached skill level 5 in Fighting
  3020 | D:3      | Reached skill level 5 in Armour
  3037 | D:3      | Slain by an orc priest

Illustrated notes

Levels and vault maps discovered:
D:1:      dpeg_arrival_rooms_with_view, layout_basic, minmay_misc_feat_plants,
          minmay_pentomino_t2
D:2:      layout_loops_ring, shapermc_ecumenical_altar_gd, grunt_ministairs_2
D:3:      layout_rooms, mainiacjoe_overflow_24_doors, serial_shops,
          nicolae_shop_behind_doors, st_stairs_5
D:4:      layout_rooms, slow_altar_2, serial_curves, eino_curves_03,
          eino_curves_02

Skill      XL: |  1  2  3  4  5 |
---------------+----------------+-----
Fighting       | 4 5 |  5.3
Axes           | 3 4 |  4.5
Armour         | 4 5 |  5.1
Shields        | 4 |  4.3

Action                   |  1- 3 |  4- 6 || total
-------------------------+-------+-------++-------
Melee: War axe           |    92 |   119 ||   211
       Headbutt          |    13 |    12 ||    25
Armor: Scale mail        |    42 |    37 ||    79
Dodge: Dodged            |    37 |    73 ||   110
Block: Buckler           |    19 |    27 ||    46
